 Dungeon Crawl Stone Soup version 0.32-a0-998-g15e7c0074e (webtiles) character file.

Game seed: 8425832749982676068

6809 GordonOverkill the Basher (level 11, -7/84 HPs)
             Began as a Formicid Delver on Apr 24, 2024.
             Was a Priest of Okawaru.
             Asphyxiated
             ... on level 10 of the Dungeon.
             The game lasted 00:17:06 (12050 turns).

GordonOverkill the Basher (Formicid Delver)        Turns: 12050, Time: 00:17:07

Health: -7/84      AC: 16    Str: 20    XL:     11   Next: 25%
Magic:  16/16      EV:  7    Int: 11    God:    Okawaru [***...]
Gold:   539        SH:  0    Dex: 15    Spells: 10/10 levels left

rFire   . . .        p - +2 whip (venom)
rCold   . . .        (no shield)
rNeg    . . .        E - +0 plate armour
rPois   .            (helmet unavailable)
rElec   .            v - +2 cloak
rCorr   .            j - +0 pair of gloves
SInv    +            (no boots)
Will    +....        (no amulet) Stlth
                     (no ring)
HPRegen 0.34/turn    (no ring)
MPRegen 0.15/turn

%: no passive effects
@: lethally poisoned (-7 -> -63), heroic
A: permanent stasis, dig shafts and tunnels, antennae 3, four strong arms
a: Dig, Shaft Self, Renounce Religion, Heroism


You were on level 10 of the Dungeon.
You worshipped Okawaru.
Okawaru was most pleased with you.
You visited 2 branches of the dungeon, and saw 11 of its levels.

You collected 539 gold pieces.

Inventory:

Hand Weapons
 a - a +0 mace
 o - a +0 flail of protection
 p - a +2 whip of venom (weapon)
 I - a +1 whip of electrocution
Missiles
 r - 2 throwing nets
Armour
 j - a +0 pair of gloves (worn)
 s - a +2 robe of fire resistance
 v - a +2 cloak (worn)
 E - a +0 plate armour (worn)
Jewellery
 F - a ring of wizardry
Wands
 f - a wand of digging (2)
 u - a wand of roots (1)
 y - a wand of flame (32)
Scrolls
 b - 4 scrolls of noise
 c - a scroll of summoning {unknown}
 d - a scroll of revelation
 e - a scroll of fear
 g - 2 scrolls of vulnerability
 h - a scroll of brand weapon
 n - 2 scrolls of fog
 G - a scroll of enchant armour
 H - a scroll of silence {unknown}
Potions
 i - a potion of attraction {unknown}
 k - a potion of lignification
 l - a potion of brilliance {unknown}
 q - 2 potions of enlightenment {unknown}
 t - 3 potions of mutation {unknown}
 w - a potion of magic {unknown}
 B - 2 potions of haste {unknown}
 C - a potion of cancellation {unknown}
 D - 2 potions of degeneration {unknown}
Miscellaneous
 z - a Gell's gravitambourine (2/2)


   Skills:
 - Level 7.0(12.0) Fighting
 - Level 2.0(7.0) Short Blades
 + Level 13.9(18.9) Maces & Flails
 - Level 2.0(7.0) Throwing
 - Level 2.1(7.1) Dodging
 - Level 6.2(11.2) Stealth
 - Level 7.0 Invocations


You had 10 spell levels left.
You didn't know any spells.
Your spell library contained the following spells:

 Spells                   Type           Power      Damage    Failure   Level
 Lesser Beckoning         Tloc           0%         N/A       100%        2
 Momentum Strike          Conj/Tloc      0%         3d8       100%        2
 Dazzling Flash           Conj/Hex       0%         N/A       100%        3
 Mephitic Cloud           Conj/Alch/Air  0%         N/A       100%        3
 Silence                  Hex/Air        0%         N/A       100%        5
 Blink                    Tloc           Unusable   N/A       N/A         2

Dungeon Overview and Level Annotations

Branches:
Dungeon (10/15)            Temple (1/1) D:4
   Lair: D:8-11         Orc: D:9-12

Altars:
Ashenzari
Cheibriados
Dithmenos
Elyvilon
Fedhas
Gozag
Hepliaklqana
Kikubaaqudgha
Makhleb
Nemelex Xobeh
Okawaru
Qazlal
Ru
Sif Muna
Trog
Uskayaw
Vehumet
Wu Jian
Xom
Yredelemnul
Zin
The Shining One

Shops:
D:2 [

Annotations:
D:10 Sonja


Innate Abilities, Weirdness & Mutations

You cannot be hasted, slowed, berserked, paralysed or teleported.
You can dig through walls and to a lower floor.
You have a pair of large antennae on your head. (SInv)
Your four strong arms can wield two-handed weapons with a shield.


Message History

Sonja hits you but does no damage.
You are lethally poisoned!
You barely miss Sonja.
Sonja is moderately wounded.
* * * LOW HITPOINT WARNING * * *
You feel very sick. Sonja closely misses you.
Sonja hits you with a +0 short sword of venom.
* * * LOW HITPOINT WARNING * * *
You are more poisoned.
Sonja hits you but does no damage.
You are more poisoned.
You bump into the rock wall.
* * * LOW HITPOINT WARNING * * *
You feel extremely sick.
Sonja hits you with a +0 short sword of venom.
* * * LOW HITPOINT WARNING * * *
Sonja hits you but does no damage. x2
You are more poisoned.
You bump into the rock wall.
* * * LOW HITPOINT WARNING * * *
You feel extremely sick.
Sonja bows elegantly.
Sonja hits you but does no damage.
You are more poisoned.
Sonja hits you with a +0 short sword of venom.
* * * LOW HITPOINT WARNING * * *
Sonja hits you but does no damage.
You are more poisoned.
Sonja mumbles some strange words.
Sonja blinks!
You feel less invigorated.
You feel less confused.
* * * LOW HITPOINT WARNING * * *
You feel extremely sick.
Sonja throws a curare-tipped dart.
The curare-tipped dart hits you.
You are more poisoned.
You have difficulty breathing.
You die...
Sonja says, "Show's over."

#. #.# #K# #.# #.#
#.# #.#########
#.@....[..#
#.#######.#########
#.# #............
### #############


You could see Sonja.

Vanquished Creatures
  A death yak (D:9)
  A cane toad (D:10)
  2 kobold demonologists (D:9)
  A troll (D:9)
  A hornet (D:8)
  Sigmund (D:5)
  A shadow (D:9)
  A wyvern (D:9)
  6 yaks
  Grum (D:8)
  2 steam dragons
  An acid dragon (D:9)
  An orc warrior (D:9)
  4 ice beasts
  A sky beast (D:7)
  A black bear (D:7)
  An ogre (D:4)
  4 wolves (D:8)
  A centaur (D:9)
  2 phantoms (D:4)
  3 kobold brigands
  2 bullfrogs (D:8)
  2 scorpions (D:7)
  7 wights
  3 killer bees (D:9)
  3 howler monkeys (D:9)
  3 jellies
  A bombardier beetle (D:5)
  5 hounds
  5 orc priests
  A sleepcap (D:6)
  Jessica (D:3)
  An iguana (D:6)
  Natasha (thrice) (D:3)
  8 orc wizards
  4 gnolls
  11 adders
  3 white imps
  2 ufetubi (D:7)
  2 dart slugs
  A ribbon worm (D:5)
  16 orcs
  A bat (D:2)
  3 endoplasms
  2 giant cockroaches
  12 goblins
  4 hobgoblins
  3 jackals (D:4)
  26 kobolds
  4 quokkas
  5 ball pythons
  A frilled lizard (D:1)
  9 rats
191 creatures vanquished.

Vanquished Creatures (others)
  An orc wizard (D:9)
1 creature vanquished.

Grand Total: 192 creatures vanquished

Notes
Turn   | Place    | Note
-------+----------+-------------------------------------------
     0 | D:5      | GordonOverkill the Formicid Delver began the quest for the
                  | Orb.
     0 | D:5      | Reached XP level 1. HP: 18/18 MP: 1/1
     6 | D:6      | Noticed an iguana
    44 | D:5      | Reached XP level 2. HP: 11/24 MP: 2/2
   174 | D:5      | Noticed an ice beast
   201 | D:4      | Found a staircase to the Ecumenical Temple.
   221 | D:4      | Reached XP level 3. HP: 29/29 MP: 3/3
   229 | Temple   | Entered the Ecumenical Temple
   238 | Temple   | Became a worshipper of Warmaster Okawaru
   275 | D:4      | Noticed a phantom
  1318 | D:2      | Reached XP level 4. HP: 37/37 MP: 4/4
  1330 | D:2      | Reached skill level 1 in Short Blades
  1396 | D:2      | Found Leuhaem's Antique Armour Shoppe.
  2457 | D:3      | Reached skill level 3 in Maces & Flails
  2457 | D:3      | Reached XP level 5. HP: 14/42 MP: 5/5
  2721 | D:3      | Noticed Jessica
  2729 | D:3      | Killed Jessica
  2730 | D:3      | Reached skill level 4 in Maces & Flails
  2824 | D:3      | Reached XP level 6. HP: 42/48 MP: 6/6
  3231 | D:3      | Noticed Natasha
  3237 | D:3      | Killed Natasha
  3238 | D:3      | Reached skill level 5 in Maces & Flails
  3362 | D:3      | Noticed Natasha
  3371 | D:3      | Killed Natasha
  3413 | D:3      | Noticed Natasha
  3421 | D:3      | Killed Natasha
  3554 | D:4      | Reached * piety under Okawaru
  3555 | D:4      | Reached skill level 6 in Maces & Flails
  3555 | D:4      | Reached XP level 7. HP: 47/54 MP: 7/7
  4222 | D:4      | Reached skill level 7 in Maces & Flails
  4312 | D:5      | Reached ** piety under Okawaru
  4313 | D:5      | Reached XP level 8. HP: 49/60 MP: 8/8
  4392 | D:5      | Noticed Sigmund
  4420 | D:5      | Killed Sigmund
  4421 | D:5      | Reached skill level 8 in Maces & Flails
  5181 | D:6      | Reached skill level 9 in Maces & Flails
  5686 | D:6      | Reached *** piety under Okawaru
  5687 | D:6      | Reached skill level 10 in Maces & Flails
  5687 | D:6      | Reached XP level 9. HP: 51/65 MP: 8/10
  7366 | D:7      | Reached skill level 1 in Throwing
  7366 | D:7      | Reached skill level 5 in Invocations
  8248 | D:8      | Reached skill level 5 in Fighting
  8496 | D:8      | Identified the +0 robe of Valiance {Int+3 Stlth+}
  8502 | D:8      | Noticed a hornet
  8514 | D:8      | Killed a hornet
  8728 | D:8      | Reached XP level 10. HP: 69/77 MP: 12/15
  8856 | D:8      | Reached **** piety under Okawaru
  9236 | D:8      | Reached skill level 11 in Maces & Flails
  9237 | D:8      | Noticed Grum
  9257 | D:8      | Killed Grum
  9754 | D:9      | Noticed a kobold demonologist
  9761 | D:9      | Noticed a kobold demonologist
  9774 | D:9      | Killed a kobold demonologist
  9775 | D:9      | Noticed an orange demon
  9852 | D:9      | Killed a kobold demonologist
  9853 | D:9      | Reached skill level 12 in Maces & Flails
 10683 | D:9      | Reached XP level 11. HP: 45/84 MP: 16/16
 11339 | D:9      | Reached skill level 13 in Maces & Flails
 11456 | D:10     | Entered Level 10 of the Dungeon
 11482 | D:10     | Found a snail-covered altar of Cheibriados.
 11509 | D:10     | Noticed a death yak
 11553 | D:9      | Killed a death yak
 11737 | D:10     | HP: 3/84 [poisoned by a cane toad]
 12036 | D:10     | Noticed Sonja
 12050 | D:10     | HP: 2/84 [poisoned by Sonja]
 12050 | D:10     | Asphyxiated

Illustrated notes

Levels and vault maps discovered:
D:1:      minmay_arrival_stair_chambers, layout_basic
D:2:      layout_basic, serial_shops, shop, nicolae_underground_beach
D:3:      layout_basic, hangedman_feature_mirror, cheibrodos_gnoll_hut,
          uniq_natasha, uniq_jessica
D:4:      layout_basic, temple_statues, kennysheep_nondescript, minmay_cupped
D:5:      layout_loops_ring, minmay_diced_spiral, uniq_sigmund
D:6:      layout_basic
D:7:      layout_rooms, serial_glass, glass_columns_a, glass_columns_c,
          due_unseen_surprise, minmay_strange_pillars
D:8:      layout_basic, minivault_19, uniq_grum
D:9:      layout_roguey
D:10:     layout_basic, cheibriados_altar_1, dpeg_lair_monsters, uniq_urug,
          uniq_sonja, uniq_maurice
Temple:   grunt_wide_crystal_templ

Skill      XL: |  1  2  3  4  5  6  7  8  9 10 11 |
---------------+----------------------------------+-----
Dodging        | 2 |  2.1
Fighting       | 4 6 7 |  7.0
Short Blades   | 2 |  2.0
Maces & Flails | 3 4 6 7 10 12 13 | 13.9
Invocations    | 2 7 |  7.0
Throwing       | 2 |  2.0
Stealth        | |  6.2

Action                     |  1- 3 |  4- 6 |  7- 9 | 10-12 || total
---------------------------+-------+-------+-------+-------++-------
  Melee: Mace              |    41 |       |     1 |       ||    42
         Dagger            |    23 |    17 |       |       ||    40
         Whip              |       |    82 |   455 |   295 ||   832
         Flail             |       |       |       |    20 ||    20
  Throw: Dart              |       |       |       |     2 ||     2
 Invoke: Heroism           |       |       |     4 |     9 ||    13
Ability: Dig               |     1 |     1 |    12 |       ||    14
  Evoke: Wand              |       |       |     1 |     5 ||     6
    Use: Potion            |       |     1 |     3 |     6 ||    10
         Scroll            |       |     1 |    10 |       ||    11
   Stab: Sleeping          |     9 |     9 |    10 |     3 ||    31
         Distracted        |       |     3 |       |       ||     3
 Armour: Leather armour    |    29 |    22 |       |       ||    51
         Robe              |       |    25 |   205 |   110 ||   340
         Plate armour      |       |       |       |    81 ||    81
  Dodge: Dodged            |    34 |    46 |   194 |   132 ||   406

Table legend: (Time is in decaauts)
 A = Elapsed time spent in this place.
 B = Non-inter-level travel time spent in this place.
 C = Inter-level travel time spent in this place.
 D = Time resting spent in this place.
 E = Time spent auto-exploring this place.
 F = Levels seen in this place.
 G = Mean time per level.
                   A        B        C        D        E       F      G
               +--------+--------+--------+--------+--------+-----+--------+
         Total |  11736 |  11184 |    552 |   2572 |   6546 |  11 | 1066.9 |
       Dungeon |  11717 |  11173 |    544 |   2572 |   6546 |  10 | 1171.7 |
        Temple |     18 |     10 |      8 |      0 |      0 |   1 |   18.0 |
               +--------+--------+--------+--------+--------+-----+--------+

Top non-repeatable levels by time:
     D:6: 2137 daAuts
     D:9: 2041 daAuts
     D:8: 1474 daAuts
     D:3: 1445 daAuts
     D:2: 1114 daAuts
     D:5: 975 daAuts
     D:4: 915 daAuts
     D:7: 866 daAuts
     D:1: 604 daAuts
    D:10: 142 daAuts
  Temple: 18 daAuts
